 Dungeon Crawl Stone Soup version 0.30-a0-341-g682706514a (webtiles) character file.

Game seed: 5541094036868377092

603 Faman the Caller (level 7, -13/38 HPs)
             Began as a Deep Elf Summoner on Nov 1, 2022.
             Was an Initiate of Ashenzari.
             Killed by an exploding themself (51 damage)
             ... ignited by their inner flame
             ... on level 5 of the Dungeon.
             The game lasted 00:57:38 (6106 turns).

Faman the Caller (Deep Elf Summoner)                Turns: 6106, Time: 00:57:39

Health: -13/38     AC:  5    Str:  4    XL:     7   Next: 18%
Magic:  14/17      EV: 14    Int: 26    God:    Ashenzari [......]
Gold:   246        SH:  0    Dex: 20    Spells: 11/17 levels left

rFire   . . .      SeeInvis .    y - +0 long sword of Desmomancy {protect, Range, Comp} (curse)
rCold   . . .      Faith    .    (no shield)
rNeg    . . .      Spirit   .    x - +2 robe
rPois   .          Reflect  .    r - +0 helmet
rElec   .          Harm     .    (no cloak)
rCorr   .          Rampage  .    (no gloves)
Will    .....                    (no boots)
Stlth   +++.......               (no amulet)
HPRegen 0.26/turn                e - ring of flight
MPRegen 0.15/turn                R - +6 ring of dexterity

@: flying
A: clever 1, noise suppression
a: Renounce Religion, Shatter the Chains


You were on level 5 of the Dungeon.
You worshipped Ashenzari.
Ashenzari was noncommittal.
You visited 1 branch of the dungeon, and saw 5 of its levels.

You collected 246 gold pieces.

Inventory:

Hand Weapons
 b - a +0 falchion
 c - a +1 whip
 h - a +0 dagger of flaming
 k - a +0 whip
 l - a +0 club
 n - a +0 club
 o - a +0 sling
 s - a +0 dagger
 t - a +0 dagger
 w - a +0 dagger
 y - the cursed +0 long sword of Desmomancy (weapon) {protect, Range, Comp}
   (You found it on level 2 of the Dungeon)

   It grants its wielder temporary protection when it strikes (+7 to AC).
   It has a curse which improves the following skills: Ranged Combat: Ranged
   Weapons and Throwing.
   Companions: Summonings and Necromancy.
 C - a +0 dagger
 D - a +0 club
 G - a +0 short sword
 H - a +0 hand axe
 J - a +0 club
 L - a +0 dagger
 M - a +0 club
 N - a +1 dagger of chaos
 P - a +0 club
 S - a +0 dagger
 T - a +0 trident
 X - a +0 whip
Missiles
 d - 41 stones
 K - 3 poisoned darts
Armour
 a - a +0 robe
 p - a +0 leather armour
 r - a +0 helmet (worn)
 v - a +2 leather armour of positive energy
 x - a +2 robe (worn)
 F - a +0 leather armour
 Q - a +0 chain mail
 V - a +0 leather armour
 Y - a +0 robe
Jewellery
 e - a ring of flight (left hand)
 R - a +6 ring of dexterity (right hand)
Scrolls
 g - 2 scrolls of blinking
 i - a scroll of teleportation
 A - a scroll of noise
 O - a scroll of identify
 U - a scroll of magic mapping
Potions
 f - a potion of ambrosia
 j - a potion of curing
 E - 2 potions of attraction
 W - a potion of mutation
 Z - a potion of degeneration


   Skills:
 + Level 1.2 Fighting
 + Level 2.4 Long Blades
 + Level 0.4 Maces & Flails
 + Level 3.5 Dodging
 + Level 4.0 Stealth
 + Level 5.9 Spellcasting
 + Level 1.2 Hexes
 + Level 6.3(6.7) Summonings
 + Level 0.3 Air Magic


You had 11 spell levels left.
You knew the following spells:

 Your Spells              Type           Power      Damage    Failure   Level
a - Summon Small Mammal   Summ           100%       N/A       1%          1
b - Call Imp              Summ           42%        N/A       1%          2
c - Summon Guardian Gole  Hex/Summ       28%        N/A       4%          3

Your spell library contained the following spells:

 Spells                   Type           Power      Damage    Failure   Level
 Call Canine Familiar     Summ           42%        N/A       1%          3
 Apportation              Tloc           14%        N/A       7%          1
 Necrotise                Necr           28%        1d5       7%          1
 Summon Lightning Spire   Summ/Air       26%        N/A       16%         4
 Gell's Gravitas          Tloc           7%         N/A       22%         3
 Teleport Other           Tloc           7%         N/A       22%         3
 Dispersal                Tloc           3%         N/A       100%        6


Dungeon Overview and Level Annotations

Branches:
Dungeon (5/15)
 Temple: D:4-7

Altars:
Ashenzari
Cheibriados
Makhleb
Wu Jian
Xom


Innate Abilities, Weirdness & Mutations

Your mind is acute. (Int +4, Str/Dex -1)
You passively dampen the noise of your surroundings.


Message History

The black bear claws your guardian golem. x2
The black bear bites your guardian golem but does no damage.
The black bear claws your guardian golem but does no damage.
The black bear barely misses your guardian golem.
The black bear bites your guardian golem but does no damage.
The black bear claws your guardian golem but does no damage.
The black bear claws your guardian golem.
The black bear bites your guardian golem but does no damage.
The black bear claws your guardian golem but does no damage.
The black bear claws your guardian golem.
Your guardian golem overheats!
The black bear bites your guardian golem but does no damage.
The black bear claws your guardian golem.
Flame seeps out of your guardian golem.
The black bear claws your guardian golem but does no damage.
Your guardian golem is engulfed in blazing flames.
Flame seeps out of your guardian golem.
The black bear bites your guardian golem but does no damage.
The black bear claws your guardian golem but does no damage.
The black bear claws your guardian golem.
Flame seeps out of your guardian golem.
Your guardian golem is engulfed in blazing flames.
Flame seeps out of your guardian golem.
The black bear bites your guardian golem but does no damage.
The black bear claws your guardian golem.
Flame seeps out of your guardian golem.
The black bear claws your guardian golem.
Flame seeps out of your guardian golem.
Your crimson imp blinks!
The black bear bites your guardian golem.
Flame seeps out of your guardian golem.
The black bear claws your guardian golem but does no damage. x2
Your guardian golem is engulfed in blazing flames.
Your guardian golem disappears in a puff of smoke!
Your guardian golem explodes!
The fiery explosion engulfs the black bear!!
The black bear dies!
The fiery explosion engulfs you!!!
Ouch! That really hurt!
You die...

#...........##.#...#
###.......#........# # ##...#
####.##..### # ...# #.#.....#
## #####...######.#...#.##
!...
...............#......##.....
...............#§#...........
...............#○###..##.....
####.....#######@§....# ....
#.....# ###...># # #.....##
#.#### #......# #.# #5.....#
#. ####{...#.# # ........#.#
.###.#### ######## .#
#.####.#......#


There were no monsters in sight!

Vanquished Creatures
  A jelly (D:5)
  Jessica (D:2)
  2 iguanas (D:5)
  An orc wizard (D:5)
  An adder (D:4)
  2 dart slugs
  An orc (D:5)
  5 ball pythons
  5 bats
  5 endoplasms
  4 giant cockroaches (D:3)
  4 goblins
  3 hobgoblins
  3 jackals
  4 kobolds
  3 quokkas
  A frilled lizard (D:3)
  3 rats
49 creatures vanquished.

Vanquished Creatures (collateral kills)
  A nameless horror (D:4)
  Eustachio (D:4)
  2 scorpions (D:5)
  A crimson imp (D:3)
  3 adders
  A worm (D:2)
  A dart slug (D:3)
  2 orcs
  3 ball pythons (D:2)
  4 endoplasms
  2 giant cockroaches
  9 goblins
  5 hobgoblins
  8 jackals
  7 kobolds
  2 quokkas (D:1)
  4 bats
  5 frilled lizards
  7 rats
68 creatures vanquished.

Vanquished Creatures (others)
  A black bear (D:5)
1 creature vanquished.

Grand Total: 118 creatures vanquished

Notes
Turn   | Place    | Note
-------+----------+-------------------------------------------
     0 | D:1      | Faman the Deep Elf Summoner began the quest for the Orb.
     0 | D:1      | Reached XP level 1. HP: 10/10 MP: 6/6
   190 | D:1      | Reached XP level 2. HP: 15/15 MP: 6/8
   344 | D:1      | Learned a level 2 spell: Call Imp
   429 | D:1      | Reached skill level 5 in Summonings
   492 | D:1      | Reached XP level 3. HP: 19/19 MP: 10/10
   496 | D:1      | Learned a level 3 spell: Summon Guardian Golem
   511 | D:1      | Gained mutation: You passively dampen the noise of your
                  | surroundings. [potion of mutation]
   511 | D:1      | Gained mutation: Your mind is acute. (Int +4, Str/Dex -1)
                  | [potion of mutation]
  2307 | D:2      | Noticed Jessica
  2312 | D:2      | Killed Jessica
  2340 | D:2      | Reached XP level 4. HP: 24/24 MP: 8/11
  3165 | D:2      | You are sucked into a shaft and drop 2 floors!
  3233 | D:3      | Found a broken altar of Ashenzari.
  3311 | D:3      | Became a worshipper of Ashenzari the Shackled
  3667 | D:3      | Found a faded altar of an unknown god.
  3672 | D:3      | Found an ornate altar of the Wu Jian Council.
  4374 | D:2      | Reached XP level 5. HP: 28/28 MP: 11/13
  4574 | D:3      | Found a burning altar of Makhleb.
  4575 | D:3      | Found a shimmering altar of Xom.
  4592 | D:3      | Reached skill level 1 in Long Blades
  4931 | D:4      | Noticed Eustachio
  4937 | D:4      | Learned a level 4 spell: Summon Lightning Spire
  4938 | D:4      | Noticed a nameless horror
  4942 | D:4      | Killed a nameless horror
  4953 | D:4      | Killed Eustachio
  4954 | D:4      | Reached skill level 5 in Spellcasting
  4954 | D:4      | Reached XP level 6. HP: 21/33 MP: 12/16
  5200 | D:4      | Found a snail-covered altar of Cheibriados.
  5232 | D:5      | Entered Level 5 of the Dungeon
  5251 | D:5      | Reached skill level 1 in Fighting
  5251 | D:5      | Reached skill level 6 in Summonings
  5536 | D:5      | Reached XP level 7. HP: 10/38 MP: 15/17
  5994 | D:5      | Reached skill level 1 in Hexes
  6106 | D:5      | Killed by an exploding themself... ignited by their inner
                  | flame

Illustrated notes

Levels and vault maps discovered:
D:1:      matt_arrival_grand_opening, layout_rooms, due_unseen_surprise
D:2:      cheibrodos_greedy_goblins, layout_loops_ring,
          minmay_fractal_squares_5, uniq_jessica
D:3:      layout_loops_ring, nicolae_overflow_ecumenical_swirl,
          grunt_temple_overflow_champion_of_chaos,
          mainiacjoe_overflow_boulevard, nemelex_diamond_rough_becter
D:4:      layout_basic, zin_academy, overflow_temple_1_default, uniq_eustachio,
          uniq_menkaure, uniq_pikel, uniq_duvessa
D:5:      layout_loops_cross

Skill      XL: |  1  2  3  4  5  6  7 |
---------------+----------------------+-----
Summonings     | 5 6 |  6.3
Dodging        | 3 |  3.5
Spellcasting   | 4 5 |  5.9
Stealth        | 3 4 |  4.0
Long Blades    | 1 2 |  2.4
Fighting       | 1 |  1.2
Hexes          | 1 |  1.2
Maces & Flails | |  0.4
Air Magic      | |  0.3

Action                   |  1- 3 |  4- 6 |  7- 9 || total
-------------------------+-------+-------+-------++-------
Melee: Whip              |    40 |       |       ||    40
       Dagger            |     5 |       |       ||     5
       Long sword        |       |   107 |     6 ||   113
 Cast: Summon Small Mamm |    13 |    48 |       ||    61
       Call Imp          |     8 |    11 |     3 ||    22
       Summon Guardian G |     3 |     7 |     1 ||    11
       Summon Lightning  |       |     2 |       ||     2
Invok: Curse Item        |       |     1 |       ||     1
  Use: Potion            |     3 |    11 |     1 ||    15
       Scroll            |     1 |    10 |       ||    11
 Stab: Sleeping          |     2 |     5 |       ||     7
       Distracted        |       |     2 |       ||     2
Armor: Robe              |    22 |    48 |     9 ||    79
Dodge: Dodged            |    55 |   118 |    19 ||   192

Table legend: (Time is in decaauts)
 A = Elapsed time spent in this place.
 B = Non-inter-level travel time spent in this place.
 C = Inter-level travel time spent in this place.
 D = Time resting spent in this place.
 E = Time spent auto-exploring this place.
 F = Levels seen in this place.
 G = Mean time per level.
                   A        B        C        D        E       F      G
               +--------+--------+--------+--------+--------+-----+--------+
         Total |   6152 |   6123 |     29 |   2169 |   1440 |   5 | 1230.4 |
       Dungeon |   6152 |   6123 |     29 |   2169 |   1440 |   5 | 1230.4 |
               +--------+--------+--------+--------+--------+-----+--------+

Top non-repeatable levels by time:
     D:1: 2423 daAuts
     D:2: 1372 daAuts
     D:3: 1121 daAuts
     D:5: 882 daAuts
     D:4: 352 daAuts
